Cogmind - Beta 13 @@@ ROGUE MODE // 2024.04.10 @ 09:34:05 Player: RD-BKR Result: Destroyed by D-53 Grenadier with Mini Grenade Launcher Performance ------------- Evolutions (0) 0 Regions Visited (4) 800 Robots Destroyed (14) 70 Value Destroyed (374) 374 Prototype IDs (23) 460 Alien Tech Used (0) 0 Bonus (367) 367 TOTAL SCORE: 2071 Bonus ------- Follower Combat Kills 67 Aligned with FarCom 300 Cogmind --------- Core Integrity 0/250 Matter 238/300 Energy 250/250 System Corruption 0% Temperature Cool (0) Movement Rolling (190) Ox6 Location -9/Mines Parts ------- > --- POWER (1) -------- Ion Engine > --- PROPULSION (2) --- Compact Wheel > --- UTILITY (2) ------ Huge Storage Unit Hacking Suite > --- WEAPON (2) ------- Slug Cannon Field Lobotomy Kit > --- INVENTORY (25) --- Ion Engine Ion Engine Ion Engine Light Treads Aluminum Leg Aluminum Leg Medium Storage Unit High-capacity Matter Pod (200) EM Pulse Gun Heavy EM Pulse Gun Assault Rifle Light Assault Rifle Light Assault Rifle Peak State ------------ > --- POWER ------------ Ion Engine > --- PROPULSION ------- Compact Wheel > --- UTILITY ---------- Huge Storage Unit Hacking Suite > --- WEAPON ----------- Slug Cannon Field Lobotomy Kit > --- INVENTORY -------- Ion Engine Ion Engine Ion Engine Light Treads Aluminum Leg Aluminum Leg Medium Storage Unit High-capacity Matter Pod EM Pulse Gun Heavy EM Pulse Gun Assault Rifle Light Assault Rifle Light Assault Rifle [Rating: 21] Favorites ----------- Power Ion Engine Engine Ion Engine Power Core Light Nuclear Core Propulsion Light Treads Treads Light Treads Leg Aluminum Leg Wheel Compact Wheel Utility Hacking Suite Storage Huge Storage Unit Hackware Hacking Suite Weapon Assault Rifle Energy Gun EM Pulse Gun Ballistic Gun Assault Rifle Ballistic Cannon Slug Cannon Launcher Rocket Launcher Special Weapon Field Lobotomy Kit Build | -11 -10 -10 -10 -9 ------- Run | Yrd Mat Min Exi Min Slots Evolved . | . . . . . Power . | . . . . . Propulsion . | . . . . . Utility . | . . . . . Weapon . | . . . . . Parts Attached 14 | 3 8 . . 3 Power 3 | . 3 . . . Engine 2 | . 2 . . . Core 1 | . 1 . . . Reactor . | . . . . . Propulsion 4 | 2 2 . . . Treads 2 | 2 . . . . Leg . | . . . . . Wheel 2 | . 2 . . . Hover . | . . . . . Flight . | . . . . . Utility 3 | . 3 . . . Device . | . . . . . Storage 2 | . 2 . . . Processor . | . . . . . Hackware 1 | . 1 . . . Protection . | . . . . . Artifact . | . . . . . Weapon 4 | 1 . . . 3 Energy Gun . | . . . . . Energy Cannon . | . . . . . Ballistic Gun 1 | 1 . . . . Ballistic Cannon 1 | . . . . 1 Launcher 1 | . . . . 1 Special Weapon 1 | . . . . 1 Impact Weapon . | . . . . . Slashing Weapon . | . . . . . Piercing Weapon . | . . . . . Special Melee Weapon . | . . . . . Unidentified Prototypes . | . . . . . Parts Lost 4 | . 2 . . 2 Power 1 | . 1 . . . Propulsion 2 | . 1 . . 1 Utility . | . . . . . Weapon 1 | . . . . 1 Highest Loss Streak 2 | . 1 . . 2 To Critical Strikes . | . . . . . Average Slot Usage (%) 96 | . 92 100 100 98 Engine 11 | . 9 14 14 14 Core 2 | . 4 . . . Treads 12 | . 25 . . . Wheel 15 | . 1 28 28 27 Storage 14 | . 14 14 14 14 Hackware 11 | . 8 14 14 14 Ballistic Gun 26 | . 28 28 28 18 Ballistic Cannon 1 | . . . . 8 Naked Turns . | . . . . . Heaviest Build 96 | 11 88 88 88 96 Greatest Support 40 | 40 40 26 26 26 Greatest Overweight (x) 5 | . 3 3 3 5 Average Overweight (x) 2 | . . 3 3 3 Largest Inventory Capacity 25 | 8 25 25 25 25 Average Capacity 17 | 8 9 25 25 25 Most Carried 14 | 6 8 9 10 14 Average Carried 9 | 6 7 8 9 13 Final Capacity 25 | 8 25 25 25 25 Final Carried 13 | 6 8 9 10 13 Class Distribution -------------------- 100% | Mutant Dominant Class ---------------- Mutant | -10/Materials Mutant | -10/Mines Mutant | -10/Exiles Mutant | -9/Mines Resources | -11 -10 -10 -10 -9 ----------- Run | Yrd Mat Min Exi Min Matter Collected 528 | 173 253 30 . 72 Remotely . | . . . . . Salvage Created 463 | . 390 . . 73 Parts 33 | . 30 . . 3 Haulers Intercepted . | . . . . . Recyclers Shooed . | . . . . . Parts Field Recycled . | . . . . . Retrieved Matter . | . . . . . Parts Self-Destructed . | . . . . . Prevented . | . . . . . Kills | -11 -10 -10 -10 -9 ------- Run | Yrd Mat Min Exi Min Combat Hostiles Destroyed 20 | . 10 . . 10 Guns 13 | . 10 . . 3 Cannons 2 | . . . . 2 AOE 5 | . . . . 5 Classes Destroyed 4 | . 3 . . 1 Operator 1 | . 1 . . . Swarmer 5 | . 2 . . 3 Grunt 8 | . 8 . . . Assembled 7 | . . . . 7 Best Kill Streak 7 | . 2 . . 7 Combat Bots Only 7 | . 2 . . 7 Max Kills in Single Turn 6 | . 1 . . 6 Gunslinging . | . . . . . Exploded 5 | . . . . 5 Melee . | . . . . . Uniques/NPCs Destroyed . | . . . . . Combat | -11 -10 -10 -10 -9 -------- Run | Yrd Mat Min Exi Min Hostile Shots Fired 94 | . 51 . . 43 Missed 23 | . 9 . . 14 Damage Taken 1097 | . 530 . . 567 Core 250 | . 74 . . 176 Absorbed by Shields . | . . . . . Core Remaining (%) 100 | 100 . . . . Volleys Fired 54 | . 39 . . 15 Largest 2 | . 2 . . 2 Hottest 81 | . 40 . . 81 Shots Fired 106 | . 78 . . 28 Gun 94 | . 78 . . 16 Cannon 9 | . . . . 9 Launcher 2 | . . . . 2 Special 1 | . . . . 1 Kinetic 103 | . 78 . . 25 Thermal . | . . . . . Explosive 2 | . . . . 2 Electromagnetic . | . . . . . Robot Hit Streak 10 | . 10 . . 2 Robot Miss Streak 5 | . 4 . . 5 Penetration Max . | . . . . . Secondary Targets 1 | . 1 . . . Max Gunslinging Chain 1 | . 1 . . . Shots Hit Robots 59 | . 50 . . 9 Core Hits 36 | . 19 . . 17 Critical Kills . | . . . . . Critical Parts Destroyed 3 | . 1 . . 2 Critical Strikes 3 | . 1 . . 2 Destroy 3 | . 1 . . 2 Melee Attacks . | . . . . . Impact . | . . . . . Slashing . | . . . . . Piercing . | . . . . . Sneak Attacks . | . . . . . Combat Hostiles . | . . . . . Follow-up Attacks . | . . . . . Damage Inflicted 946 | . 518 . . 428 Guns 580 | . 518 . . 62 Cannons 93 | . . . . 93 Explosions 273 | . . . . 273 Melee . | . . . . . Ramming . | . . . . . Kinetic 673 | . 518 . . 155 Thermal . | . . . . . Explosive 273 | . . . . 273 Electromagnetic . | . . . . . Impact . | . . . . . Slashing . | . . . . . Piercing . | . . . . . Highest Corruption . | . . . . . Average Corruption . | . . . . . Corruption Purged . | . . . . . Corruption Blocked . | . . . . . Overload Shots . | . . . . . Overflow Damage 9 | . . . . 9 Projectiles 9 | . . . . 9 Explosions . | . . . . . Melee . | . . . . . Knockbacks . | . . . . . Impact . | . . . . . Kinetic . | . . . . . Secondary . | . . . . . Self-Inflicted Damage 21 | . . . . 21 Shots 1 | . . . . 1 Rammed . | . . . . . Targets Rammed . | . . . . . Kicked . | . . . . . Crushed . | . . . . . Highest Temperature 42 | . 12 . . 42 Average Temperature 10 | . 5 . . 18 Received Heat Transfer 260 | . 240 . . 20 Siege Activations . | . . . . . Robots Corrupted . | . . . . . Combat Hostiles . | . . . . . Parts Fried . | . . . . . Impact Corruptions . | . . . . . Robots Melted . | . . . . . Combat Hostiles . | . . . . . Parts Melted . | . . . . . Heat Transferred . | . . . . . Parts Sabotaged . | . . . . . Parts Stolen . | . . . . . Parts Stripped . | . . . . . Power Chain Reactions . | . . . . . Alert | -11 -10 -10 -10 -9 ------- Run | Yrd Mat Min Exi Min Peak Influence 227 | . 227 76 . 95 Initial 11 | . . 11 . . Average 63 | . 69 64 . 47 Maximum Alert Level 1 | . 1 . . . Low Security (%) 95 | 100 90 100 . 100 Level 1 4 | . 9 . . . Level 2 . | . . . . . Level 3 . | . . . . . Level 4 . | . . . . . Level 5 . | . . . . . High Security . | . . . . . Max Security . | . . . . . Squads Dispatched 2 | . 2 . . . Investigation 1 | . 1 . . . Extermination . | . . . . . Reinforcement 1 | . 1 . . . Assault . | . . . . . Garrison . | . . . . . Intercept . | . . . . . Searches Triggered . | . . . . . Construction Impeded . | . . . . . Haulers Reinforced . | . . . . . Active Scanning Responses . | . . . . . Cargo Convoy Interrupts . | . . . . . Stealth | -11 -10 -10 -10 -9 --------- Run | Yrd Mat Min Exi Min Distress Signals . | . . . . . Communications Jammed . | . . . . . Distress Signals . | . . . . . Times Spotted 44 | . 22 2 . 20 Peak Tracking Total 14 | . 3 2 . 14 Tactical Retreats 2 | . 2 . . . Traps | -11 -10 -10 -10 -9 ------- Run | Yrd Mat Min Exi Min Traps Triggered 1 | . 1 . . . Indirectly . | . . . . . Trap Hack Attempts . | . . . . . Triggered . | . . . . . Disarmed . | . . . . . Reprogrammed . | . . . . . Reused . | . . . . . Traps Extracted . | . . . . . Installed . | . . . . . Triggered . | . . . . . Machines | -11 -10 -10 -10 -9 ---------- Run | Yrd Mat Min Exi Min Machines Disabled 1 | . . . . 1 Max in Single Turn . | . . . . . Machines Repaired . | . . . . . Machines Dismantled . | . . . . . Machines Sabotaged . | . . . . . Overloaded Fab Kills . | . . . . . Hacking | -11 -10 -10 -10 -9 --------- Run | Yrd Mat Min Exi Min Machines Accessed 6 | . 5 . 1 . Terminals 4 | . 4 . . . Fabricators . | . . . . . Repair Stations . | . . . . . Recycling Units 1 | . 1 . . . Scanalyzers . | . . . . . Garrison Access . | . . . . . Total Hacks 17 | . 16 . 1 . Successful 7 | . 6 . 1 . Failed 10 | . 10 . . . Catastrophic 1 | . 1 . . . Database Lockouts . | . . . . . Manual 7 | . 6 . 1 . Terminals 15 | . 15 . . . Fabricators . | . . . . . Repair Stations . | . . . . . Recycling Units 1 | . 1 . . . Scanalyzers . | . . . . . Garrison Access . | . . . . . Terminal Hacks 5 | . 4 . 1 . Terminal Index 1 | . 1 . . . Locate Traps 1 | . 1 . . . Recall Investigation 1 | . 1 . . . Hauler Manifests 1 | . 1 . . . Derelict Proto ID Bank 1 | . . . 1 . Fabricator Hacks . | . . . . . Repair Station Hacks . | . . . . . Recycling Unit Hacks 1 | . 1 . . . Report Inventory 1 | . 1 . . . Scanalyzer . | . . . . . Garrison Access Hacks . | . . . . . Unauthorized Hacks 1 | . 1 . . . Terminals 1 | . 1 . . . Botnet 1 | . 1 . . . Fabricators . | . . . . . Repair Stations . | . . . . . Recycling Units . | . . . . . Scanalyzers . | . . . . . Garrison Access . | . . . . . Data Cores Recovered . | . . . . . Used . | . . . . . Hacking Detections 4 | . 4 . . . Full Trace Events 1 | . 1 . . . Feedback Events . | . . . . . Feedback Blocked . | . . . . . Robot Schematics Acquired . | . . . . . Robots Built . | . . . . . Authchips . | . . . . . Time . | . . . . . Total Robot Build Rating . | . . . . . Part Schematics Acquired . | . . . . . Parts Built . | . . . . . Authchips . | . . . . . Time . | . . . . . Total Part Build Rating . | . . . . . Parts Repaired . | . . . . . Time . | . . . . . Parts Recycled . | . . . . . Recycled Matter . | . . . . . Retrieved Matter . | . . . . . Retrieved Components . | . . . . . Parts Scanalyzed . | . . . . . Part Schematics Acquired . | . . . . . Parts Damaged . | . . . . . Bothacking | -11 -10 -10 -10 -9 ------------ Run | Yrd Mat Min Exi Min Used RIF Installer . | . . . . . Robots Hacked . | . . . . . Non-combat . | . . . . . Combat . | . . . . . Robot Hacks Applied . | . . . . . Relay Couplers Released . | . . . . . Fabnet Peak Effective % . | . . . . . Robots Rewired . | . . . . . Allies Hacked . | . . . . . Hacks Repelled . | . . . . . Allies | -11 -10 -10 -10 -9 -------- Run | Yrd Mat Min Exi Min Total Allies 6 | . . 5 . 1 Largest Group 5 | . . 5 5 3 Highest-Rated Group 81 | . . 81 81 40 Highest-Rated Ally 34 | . . 31 31 34 Total Orders . | . . . . . Ally Attacks 17 | . . 10 . 7 Total Damage 279 | . . 136 . 143 Kills 4 | . . 2 . 2 Allies Corrupted . | . . . . . Allies Melted . | . . . . . Field Lobotomies 1 | . . . . 1 Intel | -11 -10 -10 -10 -9 ------- Run | Yrd Mat Min Exi Min Robot Analysis Total . | . . . . . Derelict Logs Recovered 3 | . . 1 . 2 Drone Launches . | . . . . . Drone Recoveries . | . . . . . Exploration | -11 -10 -10 -10 -9 ------------- Run | Yrd Mat Min Exi Min Turns Passed 2060 | 5 975 387 276 417 Spaces Moved 1084 | 1 387 265 204 227 Core . | . . . . . Treads 359 | 1 358 . . . Legs . | . . . . . Wheels 725 | . 29 265 204 227 Hover . | . . . . . Flight . | . . . . . Fastest Speed 135 | 160 135 135 135 135 Average Speed 143 | 160 158 135 135 135 Slowest Speed 175 | 160 160 135 135 175 Overloaded Moves . | . . . . . Propulsion Burnouts . | . . . . . Robots Hopped . | . . . . . Cave-ins Triggered . | . . . . . Exploration Rate (%) 47 | 2 71 57 60 47 Regions Visited 4 Branch Regions 3 Pre-discovered Areas 2 | . . 1 . 1 Known Exits Taken . | . . . . . Unknown Exits Taken 4 | 1 1 1 1 . Scrap Searched 3 | . . 1 . 2 Spaces Dug . | . . . . . Terrain Destroyed 24 | . . . . 24 Melee . | . . . . . Projectile 3 | . . . . 3 AOE 21 | . . . . 21 Terrain Rammed . | . . . . . Walls Destroyed . | . . . . . Machines Disabled . | . . . . . Actions | -11 -10 -10 -10 -9 --------- Run | Yrd Mat Min Exi Min Total 1485 | 3 678 294 204 306 Wait 327 | . 241 29 . 57 Move 1080 | . 386 264 203 227 Hop . | . . . . . Pick Up 8 | . 2 1 1 4 Fast Attach 2 | . 2 . . . Attach 2 | . 1 . . 1 Detach . | . . . . . Swap 10 | 3 5 . . 2 Drop 2 | . 2 . . . Fire 54 | . 39 . . 15 Melee . | . . . . . Ram . | . . . . . Kick . | . . . . . Crush . | . . . . . Escape Stasis . | . . . . . Rewire . | . . . . . Trap . | . . . . . Miscellaneous . | . . . . . Route ------- -11/Scrapyard -10/Materials (discovered 3 exits: [*Mat] / [*Min] / [*Sub]) -10/Mines (discovered 3 exits: [*Mat x2] / *Exi) -10/Exiles -9/Mines History --------- Turn | Location | Event 6 | -11/Scrapyard | Discovered new exit (range 0) 6 | -11/Scrapyard | Entered Materials 187 | -10/Materials | Discovered new exit (range 16) 302 | -10/Materials | Build established: Mutant 624 | -10/Materials | Discovered new exit (range 10) 767 | -10/Materials | Discovered new exit (range 9) 981 | -10/Materials | Entered Mines 986 | -10/Mines | Assisted by bots powering up and referring to "LRC-V3" 1164 | -10/Mines | Learned location of Storage (-9) 1225 | -10/Mines | Learned 2 Materials zone layouts 1277 | -10/Mines | Discovered new exit (range 9) 1307 | -10/Mines | Discovered new exit (range 11) 1351 | -10/Mines | Deemed a non-threat by the Exiles lab entrance 1351 | -10/Mines | Discovered new exit (range 5) 1368 | -10/Mines | Entered Exiles 1368 | -10/Exiles | Accompanied by 5 allies 1398 | -10/Exiles | Led the pair of lost Derelicts to a safe place 1401 | -10/Exiles | Met 8R-AWN 1425 | -10/Exiles | Met EX-HEX 1462 | -10/Exiles | Met EX-BIN 1476 | -10/Exiles | Aligned with FarCom system 1478 | -10/Exiles | Given EX-Vault access code 1509 | -10/Exiles | Opened EX-Vault 1517 | -10/Exiles | Found Field Lobotomy Kit 1545 | -10/Exiles | Warned to stay clear of 0b10 Research branches 1583 | -10/Exiles | Met EX-DEC 1627 | -10/Exiles | Discovered new exit (range 14) 1644 | -10/Exiles | Left Exiles lab with Field Lobotomy Kit 1644 | -10/Exiles | Entered Mines 1644 | -9/Mines | Accompanied by 3 allies 1659 | -9/Mines | Learned Materials stockpile data 1694 | -9/Mines | A weapon hastily lodged in a ceiling crevice suddenly fell to the ground 1713 | -9/Mines | Received a Rocket Launcher from a helpful Derelict 1792 | -9/Mines | Lost 3 allies 2033 | -9/Mines | Assembled infested the area 2051 | -9/Mines | Core integrity fell below 50% 2055 | -9/Mines | Core integrity fell below 20% 2058 | -9/Mines | Assimilated D-53 Grenadier with FLK Orb 2060 | -9/Mines | Destroyed 7 combat bots 2061 | -9/Mines | Destroyed by D-53 Grenadier with Mini Grenade Launcher Last Messages --------------- 02039_ as-75558 destroyed. 02041_ as-54267 destroyed. 02046_ as-28956 suffers critical hit (Destroy). 02046_ Destroyed Asb. Hover Unit. 02048_ C-30 ARC bursts open, deploying its payload. 02048_ D-53 Grenadier unfolds itself. 02048_ Rocket Launcher destroyed. 02048_ Wheel destroyed. 02048_ as-28956 destroyed. 02052_ K-01 Serf destroyed. 02054_ as-44939 destroyed. 02054_ as-66323 destroyed. 02055_ Acquired 1 matter. 02056_ as-97800 destroyed. 02058_ D-53 Grenadier assimilated. 02058_ Destroyed Asb. Hover Unit. 02058_ Matter Pump disabled. 02059_ The unstable cave ceiling collapses. 02060_ as-91539 destroyed. Map ----- +----------------------------------------------------+ | | | | | | | ?????????????????????????????????????????????????? | | ?????????????????????????????????????????????????? | | ?????????????????????????????????????????????????? | | ??????????????####???????????????????????????????? | | #??????????#### !##??????????????????????????????? | | ##?????#### [|! #??????????????????????????????? | | #?????# #?????# ###########????????????? | | #?????# # ##????# #????????????? | | ##????# ## #????# ######### #????????????? | | ###### ## #????????????### #????????????? | | ## ## ##???????????## #######??????? | | ##???????????## #??????? | | ##???????????## ##### #??????? | | #### ##????????????# #????????????? | | # ##??# ##?????????????# ##????????????? | | ### ##???# #?????????????## #?????????????? | | ??# #####?# #???????????### ##?????????????? | | ??# ## #?# #??????????## ##??????????????? | | ??# # #?# #??######### """%###????g?????????? | | ??# #??# #??# ## """ #??????g???????? | | ??# ##?# #### #??????????????? | | ??# ### t d #??????????????? | | ?## t @* d #?????????????? | | ## ##### #??????????? ??? | | # ## #????????? ??? | | ## #??????# ?? | | #### ## ## ####?? % ?? | | # ##?## #######?# % # % % ? | | ## ####### ##???????## % ? | | ?## ##?## ##????????## a % % #?? | | ??# #?# ##?????????### #?? | | ??## #?# #????????????? # # #### #?? | | ???## ### ##?????????????#######??????? #?? | | ????## ### ##?????????????????????????????????? | | ??????##### ##??????????????????????????????????? | | ???####%## #######?????????????????????????????? | | #### *= #???????????????????????????? | | [%! *=% ###### #???????????????????????????? | | %=[ =##= ##???????????????????????????????????? | | ### ##"## #????????????????????????????????????? | | %#?####?### #????????????????????????????????????? | | =#??????# * %????????????????????????????????????? | | ###????# ####???????????????????????????????????? | | ###### #??????????????????????????????????????? | | ## #??????????????????????????????????????? | | # #####??????????????????????????????????? | | ##?????????????????????????????????? | +----------------------------------------------------+ Best States ------------- Heat Dissipation 25 Energy Generation 14 Energy Capacity 250 Matter Stores 300 Matter Capacity 300 Sight Range 16 Terrain Scan Density 10 Evasion (%) 40 Recoil Reduction 2 Offensive Hacking 10 Item Schematics ----------------- None Robot Schematics ------------------ None Fabricated ------------ Nothing Alien Tech Used ----------------- None Achievements -------------- None Challenges ------------ None Game ------ Seed SupercompositeBlastCore Manual? 0 Play Time 00:21:16 Cumulative 43.9 hours Start 2024.04.10 @ 08:58:48 End 2024.04.10 @ 09:34:05 Sessions 1 Manual Loads 0 Difficulty Rogue Special Mode None Game No. 77 Rogue 77 Adventurer 0 Explorer 0 Win Type - Total 0 Types 0/0/0/0/0/0/0/0/0 Lore% 23 Gallery% 24 Achievement% 25 Wizard Run 0 Options --------- Layout 1 ASCII 0 Keyboard 0 Movement Mouse Keybinds 0 Fullscreen 2 Font 24/Smallcaps Map View 50x35 Zoom Use 0% Tactical HUD 1 Map Filters NONE Filters NONE Steam 1 RUN: ab1490d4-3958-4886-bc4a-390df6091f63